AoeStats
← mryendl2410

Nomad

509654797Analyzed
2v2 RM · 5d ago on Sep 27, 2026· 48m 11s· 4 players
Game mode
Random Map
Map size
176×176
Population
200
Speed
Normal
Resources
Standard
Victory
Conquest
Starting age
Dark Age
Ending age
Imperial Age
RankedLock teamsTeams togetherTeam positionsShared explorationLock speedFull tech treeHidden civsTurbo modeCheats
Victory
Defeat
🇷🇺 Danes · Russia
1334
+17
🇻🇳 Maya · Vietnam
1332
+17
🇦🇷 Italians · Argentina
1375
-17
🇨🇱 Lithuanians · Chile
1344
-17
privalovivan99
3:10 Loom
12:57 Feudal Age
16:37 Castle Age
15:54 Double-Bit Axe
17:57 Fishing Lines
19:54 Horse Collar
25:57 Gold Mining
28:57 Scale Mail Armor
29:55 Wheelbarrow
34:15 Imperial Age
32:59 Squires
33:35 Chain Mail Armor
33:31 Forging
34:50 Padded Archer Armor
36:05 Elite Varangian Guard
36:32 Gambesons
38:29 Heavy Plow
38:25 Stone Mining
39:50 Plate Mail Armor
39:56 Iron Casting
40:20 Stone Shaft Mining
40:16 Arson
43:45 Gold Shaft Mining
43:52 Conscription
46:08 Blast Furnace
45:00 Fletching
47:23 Elite Jomsviking
mryendl2410
5:59 Loom
12:49 Feudal Age
13:58 Double-Bit Axe
17:32 Gold Mining
20:10 Castle Age
21:11 Medium Warships
23:36 Wheelbarrow
29:02 Bow Saw
29:41 Fletching
36:22 Imperial Age
35:43 Scale Mail Armor
36:17 Forging
37:06 Chain Mail Armor
36:13 Eagle Warrior
36:56 Squires
36:56 Arson
38:13 Iron Casting
38:42 Plate Mail Armor
38:36 Conscription
38:19 Elite Eagle Warrior
40:44 Pikeman
42:42 Halberdier
PNAL | Lipe
4:55 Loom
13:42 Feudal Age
17:27 Castle Age
16:17 Wheelbarrow
17:26 Double-Bit Axe
20:00 Forging
20:54 Wheelbarrow
21:36 Fervor
21:46 Sanctity
21:55 Bow Saw
25:01 Medium Warships
26:01 Husbandry
27:42 Bloodlines
27:38 Horse Collar
28:37 Scale Barding Armor
29:07 Iron Casting
29:33 Town Watch
31:29 Bloodlines
33:04 Hand Cart
32:49 Town Patrol
34:11 Heavy Plow
38:28 Imperial Age
36:54 Chain Barding Armor
37:09 Iron Casting
36:25 Fletching
36:36 Padded Archer Armor
36:45 Gold Mining
36:45 Stone Mining
37:06 Town Patrol
39:45 Conscription
40:07 Crop Rotation
39:34 Cavalier
40:55 Plate Barding Armor
40:05 Pikeman
40:46 Squires
42:57 Conscription
PNAL | El Chill de Cojones
4:49 Loom
13:38 Feudal Age
17:40 Castle Age
16:36 Forging
17:06 Double-Bit Axe
17:13 Gold Mining
19:14 Medium Warships
24:02 Crossbowman
24:48 Thumb Ring
Connection lost

Rejoining the realm…

Still unreachable

The connection could not be restored.

Session expired

The server has moved on; the page needs a fresh start.